 Dungeon Crawl Stone Soup version 0.30-a0-585-g93115170b9 (webtiles) character file.

Game seed: 4406319622674023687

9606 wormed the Covert (level 11, -4/71 HPs)
             Began as a Kobold Delver on Jan 1, 2023.
             Was a Believer of Uskayaw.
             Slain by a death yak (5 damage)
             ... on level 10 of the Dungeon.
             The game lasted 00:23:12 (10271 turns).

wormed the Covert (Kobold Delver)                  Turns: 10271, Time: 00:23:13

Health: -4/71      AC: 11    Str: 10    XL:     11   Next: 77%
Magic:  17/17      EV: 26    Int: 12    God:    Uskayaw [**....]
Gold:   230        SH:  0    Dex: 20    Spells: 10/10 levels left

rFire   . . .      SeeInvis .    j - +1 rapier (venom)
rCold   . . .      Faith    +    (no shield)
rNeg    + . .      Spirit   .    e - +2 leather armour {rN+}
rPois   .          Reflect  .    (no helmet)
rElec   .          Harm     .    o - +2 cloak
rCorr   .          Rampage  .    (no gloves)
Will    .....                    A - +2 pair of boots {Stlth+}
Stlth   +++++++                  h - amulet of faith
HPRegen 0.31/turn                y - +5 ring of evasion
MPRegen 0.15/turn                (no ring)

@: no status effects
A: small, no large weapons, nightstalker 3
a: Renounce Religion, Stomp, Line Pass


You were on level 10 of the Dungeon.
You worshipped Uskayaw.
Uskayaw was aware of your devotion.
You visited 1 branch of the dungeon, and saw 10 of its levels.
You also visited: Ossuary and Bailey.

You collected 563 gold pieces.
You spent 333 gold pieces at shops.

Inventory:

Hand Weapons
 j - a +1 rapier of venom (weapon)
 G - a +4 dagger
Missiles
 t - 13 poisoned darts (quivered)
 v - 2 atropa-tipped darts
 F - a curare-tipped dart
Armour
 e - a +2 leather armour of positive energy (worn)
 o - a +2 cloak (worn)
 A - a +2 pair of boots of stealth (worn)
Jewellery
 f - an amulet of the acrobat
 h - an amulet of faith (around neck)
 k - a ring of magical power
 y - a +5 ring of evasion (left hand)
 D - an amulet of reflection
 J - a +6 ring of strength
 K - a +4 ring of protection
 L - a ring of see invisible
Wands
 a - a wand of flame (9)
 g - a wand of digging (3)
 r - a wand of charming (7)
Scrolls
 d - 5 scrolls of fear
 l - a scroll of blinking
 u - a scroll of enchant weapon
 w - 3 scrolls of teleportation
 z - 3 scrolls of enchant armour
 B - 2 scrolls of noise
 C - a scroll of fog
 I - 2 scrolls of magic mapping
Potions
 c - 3 potions of flight
 i - 6 potions of might
 m - 4 potions of heal wounds
 n - 2 potions of magic
 p - 4 potions of mutation
 q - 6 potions of curing
 s - 2 potions of haste
 x - 2 potions of brilliance {unknown}
 E - 2 potions of lignification {unknown}
 H - a potion of attraction
 M - a potion of invisibility {unknown}
 N - a potion of cancellation
Miscellaneous
 b - a condenser vane


   Skills:
 + Level 9.4 Fighting
 * Level 10.0 Short Blades
 + Level 9.8 Dodging
 + Level 12.9 Stealth
 + Level 9.2 Invocations


You had 10 spell levels left.
You didn't know any spells.
Your spell library contained the following spells:

 Spells                   Type           Power      Damage    Failure   Level
 Necrotise                Necr           0%         1d4       41%         1
 Ensorcelled Hibernation  Hex/Ice        0%         N/A       56%         2
 Passwall                 Tmut/Erth      0%         N/A       56%         2
 Spider Form              Tmut/Pois      0%         N/A       80%         3
 Swiftness                Air            0%         N/A       80%         3
 Vampiric Draining        Necr           0%         2d6       80%         3
 Vhi's Electric Charge    Tloc/Air       0%         N/A       80%         3
 Anguish                  Hex/Necr       0%         N/A       99%         4
 Agony                    Necr           0%         N/A       100%        5
 Arcjolt                  Conj/Air       0%         1d10      100%        5
 Maxwell's Capacitive Co  Air            0%         ∞         100%        8


Dungeon Overview and Level Annotations

Branches:
Dungeon (10/15)            Temple (0/1) D:7             Orc (0/2) D:9
Ossuary (visited)          Bailey (visited)
   Lair: D:8-11

Altars:
Cheibriados
Elyvilon
Gozag
Okawaru
Trog
Uskayaw
Wu Jian
Zin
The Shining One
Jiyva

Shops:
D:2 **   D:8 [

Annotations:
D:4 Natasha


Innate Abilities, Weirdness & Mutations

You are small and have problems with some larger weapons.
You are completely attuned to the shadows.


Message History

The hell rat completely misses you.
You closely miss the hell rat.
The hell rat is moderately wounded.
The hell rat misses you. The death yak closely misses you.
The yak gores you but does no damage.
You hit the hell rat but do no damage.
The hell rat is heavily wounded.
The hell rat barely misses you. The death yak gores you!
The yak completely misses you.
You hit the hell rat.
The hell rat looks as sick as possible!
The hell rat is almost dead.
The hell rat barely misses you.
You hit the hell rat but do no damage.
The hell rat is almost dead.
The death yak misses you. The hell rat bites you.
You hit the hell rat.
The hell rat looks as sick as possible!
The hell rat is almost dead.
You kill the hell rat!
The death yak closely misses you.
You hit the death yak but do no damage.
The death yak is poisoned.
The death yak gores you but does no damage.
The death yak closely misses you. The yak completely misses you.
You hit the death yak but do no damage.
The death yak looks even sicker.
You kill the river rat!
You hit the death yak.
The death yak is lightly wounded.
The death yak gores you. The yak gores you! The death yak gores you.
You are too injured to fight recklessly!
You are too injured to fight recklessly!
You hit the death yak.
The death yak is poisoned.
The death yak is lightly wounded.
The death yak gores you!
* * * LOW HITPOINT WARNING * * *
The death yak gores you but does no damage.
The death yak attacks as you move away! The death yak gores you!
* * * LOW HITPOINT WARNING * * *
Unknown command.
The death yak gores you but does no damage.
The death yak gores you.
You die...

.. ...#"..
.. ..#...#
.. .......#
..
$....Y.#...
..
...##Y##...
..
.##...Y..?..
..
..###.Y.....
..
#.....Y@....
..
#...........
..
##..........
#.
#...##......
.#.
###.#.......
...
##.........
## #.......
##...#...
#.....#.. #


You could see 3 death yaks and 2 yaks.

Vanquished Creatures
  A flayed ghost (D:8)
  Grinder (D:4)
  5 slime creatures (D:9)
  A shadow (D:10)
  A vampire (D:10)
  2 wyverns
  7 wraiths
  3 fire bats (D:8)
  12 yaks
  Eustachio (D:4)
  2 steam dragons
  An acid dragon (D:5)
  2 sky beasts (D:8)
  2 ice beasts
  3 orc warriors
  4 ogres
  4 centaurs
  2 kobold brigands
  5 bullfrogs
  5 scorpions
  5 wights (D:9)
  9 killer bees
  4 howler monkeys
  6 centaur zombies (Ossuary)
  A hound (D:5)
  3 jellies
  3 orc priests
  An iron imp (D:6)
  3 iguanas
  9 orc wizards
  2 hell rats (D:10)
  5 mummies (Ossuary)
  4 gnolls
  6 adders
  A river rat (D:10)
  A shadow imp (D:7)
  A worm (D:3)
  6 dart slugs
  27 orcs
  12 bats
  4 endoplasms
  7 goblins
  4 hobgoblins
  4 jackals (D:1)
  6 quokkas
  6 ball pythons
  2 frilled lizards
  A goblin skeleton (D:6)
  2 goblin zombies (D:6)
  10 hobgoblin zombies
  11 kobolds
  2 kobold skeletons (D:6)
  An orc skeleton (D:6)
  An orc zombie (D:6)
  2 rats (D:2)
236 creatures vanquished.

Notes
Turn   | Place    | Note
-------+----------+-------------------------------------------
     0 | D:5      | wormed the Kobold Delver began the quest for the Orb.
     0 | D:5      | Reached XP level 1. HP: 14/14 MP: 1/1
    17 | D:4      | Noticed an iguana
    19 | D:4      | Noticed an iguana
    21 | D:4      | Killed an iguana
    22 | D:4      | Reached XP level 2. HP: 19/19 MP: 2/2
    22 | D:4      | Reached XP level 3. HP: 23/23 MP: 3/3
    25 | D:4      | Reached skill level 7 in Stealth
    25 | D:4      | Reached XP level 4. HP: 29/29 MP: 4/4
    37 | D:4      | Noticed Grinder
    41 | D:4      | Paralysed by Grinder for 3 turns
    54 | D:4      | Killed Grinder
    55 | D:4      | Reached skill level 5 in Short Blades
    55 | D:4      | Reached XP level 5. HP: 24/34 MP: 5/5
    55 | D:4      | Reached XP level 6. HP: 28/39 MP: 6/6
   143 | D:4      | Identified the +0 ring mail of Miatzig {rCorr}
   174 | D:4      | Noticed Natasha
   461 | D:4      | Noticed Eustachio
   465 | D:4      | Killed Eustachio
   466 | D:4      | Reached XP level 7. HP: 44/44 MP: 7/7
   740 | D:5      | Reached skill level 8 in Stealth
   920 | D:5      | Reached skill level 5 in Fighting
  1052 | D:6      | Found a sand-covered staircase.
  1061 | Ossuary  | Entered an ossuary
  1218 | Ossuary  | Reached skill level 5 in Dodging
  1218 | Ossuary  | Reached XP level 8. HP: 49/49 MP: 8/8
  1288 | Ossuary  | HP: 2/49 [mummy (14)]
  1634 | D:6      | Noticed a wraith
  1722 | D:6      | Found a glowing golden altar of the Shining One.
  2034 | D:7      | Found a hide-covered altar of Uskayaw.
  2039 | D:7      | Became a worshipper of Uskayaw the Reveller
  2060 | D:7      | Reached * piety under Uskayaw
  2061 | D:7      | Reached skill level 9 in Stealth
  2067 | D:7      | Reached ** piety under Uskayaw
  2069 | D:7      | Reached skill level 1 in Invocations
  2104 | D:7      | Found a flagged portal.
  2150 | Bailey   | Entered a bailey
  2481 | D:7      | Reached *** piety under Uskayaw
  2670 | D:6      | Reached XP level 9. HP: 55/55 MP: 10/10
  4008 | D:4      | Found a glowing silver altar of Zin.
  4466 | D:3      | Reached skill level 10 in Short Blades
  4470 | D:3      | Reached skill level 10 in Stealth
  4471 | D:3      | Reached **** piety under Uskayaw
  5121 | D:2      | Found Hausean's Assorted Antiques.
  5126 | D:2      | Bought a smoky yellow potion for 16 gold pieces
  5126 | D:2      | Bought a silvery potion for 16 gold pieces
  5126 | D:2      | Bought a scroll labelled DUXAM OXYAMANY for 18 gold pieces
  5126 | D:2      | Bought a scroll labelled WAABYE TUFA for 18 gold pieces
  5278 | D:2      | Found Nupn's Assorted Antiques.
  5281 | D:2      | Bought a scroll labelled SUD ENAFAUSSOR for 24 gold pieces
  5281 | D:2      | Bought a scroll labelled OGYINTA YNIOC for 24 gold pieces
  5866 | D:1      | Found a faded altar of an unknown god.
  7081 | D:7      | Found a staircase to the Ecumenical Temple.
  7201 | D:8      | Found an iron altar of Okawaru.
  7269 | D:8      | Found a runed translucent door.
  7273 | D:8      | Found an ornate altar of the Wu Jian Council.
  7284 | D:8      | Found an opulent altar of Gozag.
  7302 | D:8      | Noticed a flayed ghost
  7307 | D:8      | Killed a flayed ghost
  7308 | D:8      | Reached skill level 5 in Invocations
  7308 | D:8      | Reached XP level 10. HP: 63/63 MP: 12/14
  7327 | D:8      | Found a snail-covered altar of Cheibriados.
  7347 | D:8      | Found a bloodstained altar of Trog.
  7479 | D:8      | Found a white marble altar of Elyvilon.
  7662 | D:8      | Reached skill level 11 in Stealth
  7888 | D:8      | Found Hask's Antique Armour Emporium.
  7893 | D:8      | Bought a pair of glowing boots for 217 gold pieces
  8495 | D:8      | Reached XP level 11. HP: 63/68 MP: 15/17
  8993 | D:9      | Found a transporter.
  8996 | D:9      | Found a transporter.
  9076 | D:9      | Reached skill level 12 in Stealth
  9219 | D:9      | Reached ***** piety under Uskayaw
  9234 | D:9      | Found a staircase to the Orcish Mines.
  9622 | D:9      | Found a viscous altar of Jiyva.
  9700 | D:10     | Entered Level 10 of the Dungeon
 10241 | D:10     | Noticed a death yak
 10251 | D:10     | Noticed a death yak
 10255 | D:10     | Noticed a death yak
 10270 | D:10     | HP: 1/71 [death yak (17)]
 10271 | D:10     | Slain by a death yak

Illustrated notes

Levels and vault maps discovered:
D:1:      minmay_arrival_cross, layout_loops_corners,
          chequers_ecumenical_altar_simple
D:2:      wad_pebble_path, layout_basic, serial_shops, nicolae_shop_crystal,
          shop
D:3:      layout_basic
D:4:      nicolae_BIG_FREAKIN_CUBE, layout_cave_pools,
          mainiacjoe_overflow_six_doors_small, uniq_natasha, uniq_eustachio,
          uniq_grinder
D:5:      layout_basic
D:6:      layout_loops_corners, nicolae_tso_besieged_by_evil, enter_ossuary_1,
          minmay_microvault
D:7:      layout_cave_pools, mainiacjoe_overflow_cross_hatched,
          minmay_temple_entry_water_ring, enter_bailey_8, minivault_23
D:8:      due_megacathedral, layout_rooms, serial_shops,
          nicolae_shop_waterfront, minmay_joined_circles
D:9:      gammafunk_jiyva_shrine, layout_long_grid,
          nicolae_overflow_hidden_temple, orc_0_dummy, grunt_decor_fettered
D:10:     layout_cave_pools, kennysheep_mini, dpeg_lair_monsters

Skill      XL: |  1  2  3  4  5  6  7  8  9 10 11 |
---------------+----------------------------------+-----
Short Blades   | 3 4 5 6 7 8 10 | 10.0
Dodging        | 3 4 5 7 8 9 |  9.8
Stealth        | 7 8 9 10 11 12 | 12.9
Fighting       | 4 5 7 8 9 |  9.4
Invocations    | 2 5 8 9 |  9.2

Action                   |  1- 3 |  4- 6 |  7- 9 | 10-12 || total
-------------------------+-------+-------+-------+-------++-------
Melee: Short sword       |     2 |    22 |       |       ||    24
       Rapier            |       |       |   524 |   400 ||   924
       Punch             |       |       |    13 |     5 ||    18
       Dagger            |       |       |       |    31 ||    31
Invok: Line Pass         |       |       |     2 |       ||     2
  Use: Scroll            |     1 |     1 |    14 |     2 ||    18
       Potion            |       |     1 |     3 |       ||     4
 Stab: Sleeping          |     2 |     4 |    54 |    18 ||    78
       Distracted        |       |     1 |     7 |     1 ||     9
       Paralysed         |       |       |     5 |    20 ||    25
       Confused          |       |       |     1 |       ||     1
Armor: Leather armour    |       |     5 |    95 |    48 ||   148
Dodge: Dodged            |       |    13 |   402 |   380 ||   795

Table legend: (Time is in decaauts)
 A = Elapsed time spent in this place.
 B = Non-inter-level travel time spent in this place.
 C = Inter-level travel time spent in this place.
 D = Time resting spent in this place.
 E = Time spent auto-exploring this place.
 F = Levels seen in this place.
 G = Mean time per level.
                   A        B        C        D        E       F      G
               +--------+--------+--------+--------+--------+-----+--------+
         Total |  10031 |   9786 |    245 |    306 |   7305 |  12 |  835.9 |
       Dungeon |   9533 |   9288 |    245 |    210 |   7153 |  10 |  953.3 |
       Ossuary |    420 |    420 |      0 |     96 |    141 |   1 |  420.0 |
        Bailey |     78 |     78 |      0 |      0 |     11 |   1 |   78.0 |
               +--------+--------+--------+--------+--------+-----+--------+

Top non-repeatable levels by time:
     D:8: 1377 daAuts
     D:5: 1183 daAuts
     D:6: 1117 daAuts
     D:9: 1023 daAuts
     D:7: 998 daAuts
     D:1: 976 daAuts
     D:2: 923 daAuts
     D:4: 885 daAuts
    D:10: 538 daAuts
     D:3: 510 daAuts
 Ossuary: 420 daAuts
  Bailey: 78 daAuts
